 Dungeon Crawl Stone Soup version 0.18-a0-1405-g73f4075 (webtiles) character file.

5778 Kidiri the Thaumaturge (level 10, -5/51 HPs)
             Began as a Deep Elf Fire Elementalist on Feb 24, 2016.
             Was an Initiate of Vehumet.
             Slain by an orc warrior
             ... wielding a +0 dire flail
              (15 damage)
             ... on level 8 of the Dungeon.
             The game lasted 00:40:00 (15046 turns).

Kidiri the Thaumaturge (DEFE)                      Turns: 15046, Time: 00:40:00

Health: -5/51      AC:  6    Str:  5    XL:     10   Next: 50%
Magic:  28/32      EV: 16    Int: 26    God:    Vehumet [......]
Gold:   396        SH:  0    Dex: 15    Spells: 6 memorised, 11 levels left

rFire  . . .     SeeInvis +     e - +6 hand axe of Starshine {drain, Int+2}
rCold  + . .     Gourm    .     f - +1 robe {MR+}
rNeg   . . .     Faith    .     (no shield)
rPois  .         Spirit   .     (no helmet)
rElec  .         Dismiss  +     v - +1 cloak
rCorr  .         Reflect  .     F - +0 pair of gloves
SustAt .         Harm     .     (no boots)
MR     ++...                    g - amulet of dismissal
Stlth  +++++.....               t - ring of magical power
                                B - ring of wizardry

@: very resistant to hostile enchantments, quite stealthy
A: camouflage 1, see invisible, cold resistance 1, frail 1, low mp 1, screaming
1
a: Renounce Religion


You were on level 8 of the Dungeon.
You worshipped Vehumet.
Vehumet was noncommittal.
You were hungry.

You visited 2 branches of the dungeon, and saw 10 of its levels.

You collected 396 gold pieces.

Inventory:

Hand Weapons
 e - the +6 hand axe of Starshine (weapon) {drain, Int+2}
   (You found it on level 5 of the Dungeon)

   A truly terrible weapon, it drains the life of those it strikes.
   It affects your intelligence (+2).
Armour
 f - a +1 robe of magic resistance (worn)
 v - a +1 cloak (worn)
 F - a +0 pair of gloves (worn)
Magical Staves
 A - an uncursed staff of poison
Jewellery
 g - an amulet of dismissal (around neck)
 j - a +3 ring of dexterity
 t - a ring of magical power (right hand)
 w - a +4 ring of protection
 y - an uncursed ring of magical power
 B - a ring of wizardry (left hand)
 E - an uncursed ring of positive energy
Wands
 i - a wand of paralysis (7/24)
 m - a wand of iceblast (8/15)
 u - a wand of random effects (23/48)
 H - a wand of flame (31/48)
Scrolls
 d - 2 scrolls of teleportation
 h - 2 scrolls of magic mapping
 r - 3 scrolls of remove curse
 z - 4 scrolls of enchant weapon
 C - a scroll of holy word
Potions
 a - 2 potions of cancellation
 c - a potion of resistance
 l - 4 potions of flight
 n - a potion of haste
 o - a potion of berserk rage
 q - 2 potions of agility
Books
 b - a book of Flames

   Spells                             Type                      Level
   a - Flame Tongue                   Conjuration/Fire             1
   b - Throw Flame                    Conjuration/Fire             2
   c - Conjure Flame                  Conjuration/Fire             3
   d - Inner Flame                    Hexes/Fire                   3
   e - Sticky Flame                   Conjuration/Fire             4
   f - Fireball                       Conjuration/Fire             5
Comestibles
 s - 2 meat rations
 x - 5 bread rations


   Skills:
 + Level 4.2 Fighting
 + Level 3.1 Staves
 + Level 6.9 Dodging
 + Level 7.8 Stealth
 * Level 10.2 Spellcasting
 + Level 6.3 Conjurations
 + Level 6.3 Hexes
 + Level 7.3 Fire Magic


You had 11 spell levels left.
You knew the following spells:

 Your Spells              Type           Power        Failure   Level  Hunger
a - Flame Tongue          Conj/Fire      #####        1%          1    None
b - Throw Flame           Conj/Fire      #####.       1%          2    None
c - Conjure Flame         Conj/Fire      #####...     1%          3    None
d - Inner Flame           Hex/Fire       #####...     1%          3    None
e - Sticky Flame          Conj/Fire      #####...     1%          4    None
f - Fireball              Conj/Fire      #####.....   4%          5    ####...


Dungeon Overview and Level Annotations

Branches:
Dungeon (9/15)             Temple (1/1) D:4            Lair (0/8) D:9
    Orc: D:9-12

Altars:
Ashenzari
Cheibriados
Dithmenos
Elyvilon
Fedhas
Gozag
Makhleb
Nemelex Xobeh
Okawaru
Pakellas
Qazlal
Ru
Sif Muna
Trog
Vehumet
Xom
Yredelemnul
Zin
The Shining One


Innate Abilities, Weirdness & Mutations

Your skin changes colour to match your surroundings (Stealth).
You have supernaturally acute eyesight.
Your flesh is cold resistant.
You are frail (-10% HP).
Your magical capacity is low (-10% MP).
You occasionally shout uncontrollably at your foes.


Message History

* * * LOW HITPOINT WARNING * * *
The centaur shoots an arrow.
The arrow misses you.
There is an open door here.
Items here: ( )) [[ 2 arrows; a leather armour; an enchanted morningstar; an animal skin; a spear Read which item? (? for menu, Esc to quit)
As you read the scroll of fog, it crumbles to dust.
The scroll dissolves into smoke.
Unknown command.
Casting: Flame Tongue
Confirm with . or Enter, or press ? or * to list all spells.
Aiming: Sticky Flame
Press: ? - help, Shift-Dir - straight line, f - orc warrior
Aim: an orc warrior, wielding a dire flail and wearing a plate armour (black smoke)
The sticky flame hits the orc warrior.
The orc warrior is lightly wounded.
The orc warrior is covered in liquid flames!
The orc warrior burns!
The orc warrior hits you with a dire flail!
You die...

.......#...........#...#.....#
.......#.........><#...#.....#
......[#.....###'#######.....#
..##...#.....#....#..........#
..##...#.....#....#..........#
..##...#######....#..........#
.......#.......§§.#..........#
.......'.....§§§§§#..........#
.......#......§o@§#..........#
###############§###..........##
.............§§§§§.#####......#
...............§.§§# #...§..#
...................# #.§.§..#
.........c.........# #.§_.§.#
...................#####.§.§..#
###........###'####......§....#
..'[.......#......#.....#######


You could see an orc warrior (burning).

Vanquished Creatures
  Erica (D:8)
  The ghost of Kidiri the Magician, an amateur DEFE (D:3)
  A spriggan (D:7)
  2 yaks (D:8)
  A hippogriff (D:8)
  2 hungry ghosts
  Grum (D:8)
  3 wolves (D:8)
  Duvessa (D:7)
  3 phantoms
  4 sky beasts
  3 centaurs
  6 giant frogs
  Dowan (D:7)
  4 scorpions
  5 killer bees (D:8)
  4 wights (D:6)
  4 howler monkeys
  2 crimson imps
  A quasit (D:8)
  9 orc priests
  12 orc wizards
  A centaur skeleton (D:5)
  5 hounds
  An iron imp (D:5)
  A giant frog skeleton (D:4)
  2 iguanas
  Natasha (thrice) (D:3)
  2 worker ants
  A hound skeleton (D:6)
  A worker ant zombie (D:6)
  12 gnolls
  11 adders
  A shadow imp (D:5)
  3 oozes
  An adder skeleton (D:4)
  4 worms
  2 dart slugs
  8 giant geckos
  29 orcs
  2 ball pythons
  8 bats
  9 giant cockroaches
  8 goblins
  10 hobgoblins
  18 jackals
  A quokka (D:2)
  A giant gecko zombie (D:5)
  3 giant newts
  A goblin skeleton (D:5)
  A goblin zombie (D:5)
  2 hobgoblin zombies (D:5)
  A jackal skeleton (D:4)
  7 kobolds
  A kobold zombie (D:5)
  2 orc zombies (D:5)
  13 rats
  A spectral orc (D:2)
248 creatures vanquished.

Notes
Turn   | Place    | Note
--------------------------------------------------------------
     0 | D:1      | Kidiri the Deep Elf Fire Elementalist began the quest for the Orb.
     0 | D:1      | Reached XP level 1. HP: 10/10 MP: 6/6
   421 | D:1      | Reached XP level 2. HP: 15/15 MP: 6/8
   425 | D:1      | Learned a level 2 spell: Throw Flame
  1212 | D:2      | Found a basalt altar of Yredelemnul.
  1305 | D:2      | Reached XP level 3. HP: 20/20 MP: 6/10
  1310 | D:2      | Learned a level 3 spell: Conjure Flame
  1314 | D:2      | Learned a level 3 spell: Inner Flame
  1684 | D:2      | Reached skill level 4 in Spellcasting
  2011 | D:2      | Reached XP level 4. HP: 24/24 MP: 0/12
  2255 | D:2      | Found an oddly glowing altar of Pakellas.
  2275 | D:2      | Found a stormy altar of Qazlal.
  2423 | D:2      | Reached skill level 1 in Fighting
  2424 | D:2      | Found a shadowy altar of Dithmenos.
  2794 | D:2      | Reached XP level 5. HP: 29/29 MP: 8/13
  2802 | D:1      | Learned a level 4 spell: Sticky Flame
  3094 | D:3      | Noticed Kidiri's ghost (amateur DEFE)
  3136 | D:3      | Noticed Natasha
  3367 | D:3      | Noticed a sky beast
  3378 | D:3      | Killed a sky beast
  3378 | D:3      | Reached skill level 5 in Spellcasting
  3808 | D:3      | Reached XP level 6. HP: 31/34 MP: 9/15
  4110 | D:3      | Gained mutation: Your skin changes colour to match your surroundings (Stealth). [potion of beneficial mutation]
  4182 | D:3      | Found a faded altar to an unknown god.
  4344 | D:3      | Found a sacrificial altar of Ru.
  4350 | D:3      | Killed Natasha
  5257 | D:3      | Noticed Natasha
  5264 | D:3      | Killed Natasha
  5330 | D:4      | Reached XP level 7. HP: 39/39 MP: 13/17
  5591 | D:4      | Reached skill level 6 in Spellcasting
  5870 | D:4      | Reached skill level 5 in Fire Magic
  5943 | D:4      | Learned a level 5 spell: Fireball
  6105 | D:4      | Found a staircase to the Ecumenical Temple.
  6121 | Temple   | Entered the Ecumenical Temple
  6422 | D:3      | Noticed Natasha
  6427 | D:3      | Killed Natasha
  6427 | D:3      | Reached skill level 5 in Stealth
  6787 | D:3      | Killed Kidiri's ghost
  6787 | D:3      | Reached skill level 1 in Hexes
  6890 | D:5      | Entered Level 5 of the Dungeon
  6908 | D:5      | Reached XP level 8. HP: 38/45 MP: 19/20
  7245 | D:5      | Found a deep blue altar of Sif Muna.
  7245 | D:5      | Found an opulent altar of Gozag.
  7618 | D:5      | Reached skill level 7 in Spellcasting
  7623 | D:5      | Gained mutation: You occasionally shout uncontrollably at your foes. [mutagenic meat]
  7624 | D:5      | Gained mutation: Your magical capacity is low (-10% MP). [mutagenic meat]
  7625 | D:5      | Gained mutation: You are frail (-10% HP). [mutagenic meat]
  7756 | D:5      | Got an ancient hand axe
  7757 | D:5      | Identified the +6 hand axe of Starshine {drain, Int+2} (You found it on level 5 of the Dungeon)
  7882 | D:5      | Reached skill level 5 in Dodging
  8088 | D:5      | Found a stormy altar of Qazlal.
  8727 | D:5      | Found a glowing golden altar of the Shining One.
 10044 | D:6      | Reached skill level 8 in Spellcasting
 10096 | D:6      | Reached XP level 9. HP: 45/45 MP: 20/20
 10276 | D:6      | Found a snail-covered altar of Cheibriados.
 10578 | D:6      | Reached skill level 5 in Conjurations
 10768 | D:6      | Found a blossoming altar of Fedhas.
 11213 | D:7      | Noticed Duvessa
 11215 | D:7      | Noticed Dowan
 11578 | D:7      | Reached skill level 9 in Spellcasting
 11578 | D:7      | Reached skill level 5 in Hexes
 11788 | D:7      | Reached skill level 1 in Staves
 12084 | D:7      | Killed Dowan
 12124 | D:7      | Killed Duvessa
 12511 | D:8      | Noticed Grum
 12518 | D:8      | Killed Grum
 13026 | D:8      | Reached XP level 10. HP: 50/50 MP: 17/23
 13322 | D:8      | Found a radiant altar of Vehumet.
 13331 | D:8      | Became a worshipper of Vehumet
 14137 | D:8      | Noticed Erica
 14153 | D:8      | Killed Erica
 14408 | D:8      | Reached skill level 10 in Spellcasting
 14518 | D:9      | Noticed an iron golem
 14518 | D:9      | Noticed an iron golem
 14518 | D:9      | Noticed an iron golem
 14518 | D:9      | Noticed an iron golem
 14564 | D:8      | Gained mutation: You have supernaturally acute eyesight. [mutagenic meat]
 14565 | D:8      | Gained mutation: Your flesh is cold resistant. [mutagenic meat]
 14625 | D:9      | Found a staircase to the Lair.
 15046 | D:8      | Slain by an orc warrior

Vault maps used:
D:1:      dpeg_arrival_brainrot
D:2:      yredelemnul_forgotten_temple_becter, nicolae_overflow_crystal_walls,
          lemuel_crystal_altar, lemuel_coloured_pillars_altar
D:3:      nicolae_ru_sacrificial_ziggurat, serial_corexii_hall,
          corexii_hall_statues_i, corexii_hall_statues_i,
          corexii_hall_statues_s, corexii_hall_statues_i, ecumenical_altar_2,
          minmay_misc_feat_ornament, solitary_fountain, grunt_ministairs_13,
          uniq_natasha
D:4:      minmay_temple_entry_hall, minmay_goblin_outpost
D:5:      nicolae_tso_besieged_by_evil, gammafunk_temple_overflow_elements,
          first_bread, nicolae_qazlal_eye_of_the_storm
D:6:      fedhas_altar_fruit_tree, cheibrodos_worm_habitat
D:7:      minmay_misc_feat_encased, grunt_decor_fettered, the_bakery,
          feat_on_display, uniq_duvessa
D:8:      fiery_altar_vehumet, uniq_grum, uniq_erica
D:9:      cheibrodos_stairvault_heist, kennysheep_mini_moat, lair_0_dummy
Temple:   circular_temple_pool_8

Skill      XL: |  1  2  3  4  5  6  7  8  9 10 |
---------------+-------------------------------+-----
Stealth        | 3 4 5 6 7 |  7.8
Spellcasting   | 4 5 6 8 9 10 | 10.2
Fighting       | 1 2 3 4 |  4.2
Dodging        | 3 4 5 6 |  6.9
Conjurations   | 2 3 4 5 6 |  6.3
Fire Magic     | 4 5 6 7 |  7.3
Hexes          | 1 3 5 6 |  6.3
Staves         | 2 3 |  3.1

Action                   |  1- 3 |  4- 6 |  7- 9 | 10-12 || total
-------------------------+-------+-------+-------+-------++-------
Melee: Unarmed           |     3 |       |       |       ||     3
       Whip              |     3 |    10 |       |       ||    13
       Dagger            |       |     1 |    37 |       ||    38
       Hand axe          |       |       |    40 |    11 ||    51
 Cast: Flame Tongue      |    43 |    80 |   241 |    44 ||   408
       Throw Flame       |    19 |    34 |    80 |    22 ||   155
       Conjure Flame     |     1 |     7 |     7 |     2 ||    17
       Inner Flame       |     1 |     3 |     5 |     2 ||    11
       Sticky Flame      |       |     3 |    21 |    10 ||    34
       Fireball          |       |       |     5 |       ||     5
  Use: Scroll            |     7 |     3 |     8 |     3 ||    21
       Potion            |       |     5 |     8 |     1 ||    14
 Stab: Sleeping          |     2 |     1 |     4 |     1 ||     8
  Eat: Bread ration      |     1 |       |     1 |       ||     2
       Chunk             |       |     9 |     6 |     5 ||    20
       Meat ration       |       |     1 |     1 |       ||     2
       Fruit             |       |       |    14 |       ||    14
       Beef jerky        |       |       |     1 |     2 ||     3
